 Dungeon Crawl Stone Soup version 0.23.2-1-ga50397a (webtiles) character file.

Game seed: 14221630208579489154

3522 xelsha the Magician (level 10, -7/73 HPs)
             Began as a Gnoll Air Elementalist on May 4, 2019.
             Was a Follower of Sif Muna.
             Shot with an arrow by a centaur warrior (16 damage)
             ... on level 8 of the Dungeon.
             The game lasted 00:39:26 (10206 turns).

xelsha the Magician (Gnoll Air Elementalist)       Turns: 10206, Time: 00:39:27

Health: -7/73      AC:  9    Str: 13    XL:     10   Next: 8%
Magic:  13/29      EV: 15    Int: 19    God:    Sif Muna [*.....]
Gold:   462        SH:  0    Dex: 18    Spells: 13/23 levels left

rFire    . . .     SeeInvis .   N - +7 rapier "Sorchonn" {venom, Dex+3}
rCold    . . .     Gourm    .   (no shield)
rNeg     . . .     Faith    .   G - +0 ring mail (curse)
rPois    .         Spirit   .   r - +0 helmet
rElec    .         Reflect  .   v - +0 cloak
rCorr    .         Harm     .   (no gloves)
MR       +....                  E - +0 pair of boots
Stlth    +++.......             w - amulet of regeneration
HPRegen  0.62/turn              g - ring of protection from magic
MPRegen  0.21/turn              h - ring of magical power

@: no status effects
A: distributed training, fangs 1, strong nose
a: Divine Energy, Renounce Religion


You were on level 8 of the Dungeon.
You worshipped Sif Muna.
Sif Muna was aware of your devotion.
You were not hungry.

You visited 2 branches of the dungeon, and saw 9 of its levels.

You collected 462 gold pieces.

Inventory:

Hand Weapons
 a - a +4 dire flail of protection
 d - a +5 dagger
 o - a +0 hunting sling
 H - a +0 short sword of venom
 N - the +7 rapier "Sorchonn" (weapon) {venom, Dex+3}
   (You found it on level 8 of the Dungeon)

   It poisons the flesh of those it strikes.
   It affects your dexterity (+3).
Missiles
 l - 57 arrows
 n - 215 stones (quivered)
 y - 24 sling bullets
Armour
 f - a +0 shield
 r - a +0 helmet (worn)
 v - a +0 cloak (worn)
 E - a +0 pair of boots (worn)
 G - a cursed +0 ring mail (worn)
Magical Staves
 z - an uncursed staff of summoning
 B - an uncursed staff of power
Jewellery
 g - a ring of protection from magic (left hand)
 h - a ring of magical power (right hand)
 j - an uncursed ring of ice
 w - an amulet of regeneration (around neck)
 I - an uncursed ring of resist corrosion
Wands
 i - a wand of polymorph (19)
 p - a wand of random effects (12)
 q - a wand of digging (7)
 s - a wand of paralysis (6)
 L - a wand of scattershot (6)
Scrolls
 b - 4 scrolls of identify
 e - a scroll of blinking {unknown}
 m - a scroll of fear
 t - 2 scrolls of enchant weapon
 A - a scroll of remove curse
 C - 2 scrolls of teleportation
Potions
 k - 2 potions of flight
 u - a potion of invisibility
 x - a potion of curing
 D - a potion of agility {unknown}
 F - a potion of lignification {unknown}
 K - a potion of heal wounds {unknown}
 M - a potion of mutation {unknown}
Comestibles
 c - 22 rations


   Skills:
 + Level 4.8 Fighting
 + Level 4.8 Short Blades
 + Level 4.8 Long Blades
 + Level 4.8 Axes
 + Level 4.8 Maces & Flails
 + Level 4.8 Polearms
 + Level 4.8 Staves
 + Level 4.8 Slings
 + Level 4.8 Bows
 + Level 4.8 Crossbows
 + Level 4.8 Throwing
 + Level 4.8 Armour
 + Level 6.7 Dodging
 + Level 6.4 Stealth
 + Level 4.8 Shields
 + Level 4.8 Unarmed Combat
 + Level 7.0 Spellcasting
 + Level 4.5 Conjurations
 + Level 4.0 Hexes
 + Level 4.0 Charms
 + Level 4.0 Summonings
 + Level 4.0 Necromancy
 + Level 4.0 Translocations
 + Level 4.0 Transmutations
 + Level 4.0 Fire Magic
 + Level 4.0 Ice Magic
 + Level 6.8 Air Magic
 + Level 4.0 Earth Magic
 + Level 4.0 Poison Magic
 + Level 5.3 Invocations
 + Level 4.8 Evocations


You had 13 spell levels left.
You knew the following spells:

 Your Spells              Type           Power        Failure   Level  Hunger
a - Shock                 Conj/Air       ####         1%          1    None
b - Swiftness             Chrm/Air       ####....     3%          2    None
c - Static Discharge      Conj/Air       ####....     5%          3    #......
d - Airstrike             Air            ####......   12%         4    ###....

Your spell library contained the following spells:

 Spells                   Type           Power        Failure   Level  Hunger
 Sandblast                Erth           ###...       3%          1    None
 Passwall                 Tmut/Erth      ###.....     6%          2    None
 Stone Arrow              Conj/Erth      ###...       11%         3    #......
 Petrify                  Tmut/Erth      ###.....     36%         4    ###....
 Lightning Bolt           Conj/Air       ####......   45%         5    #####..
 Lee's Rapid Deconstruct  Erth           ###.......   71%         5    #####..


Dungeon Overview and Level Annotations

Branches:
Dungeon (8/15)             Temple (1/1) D:6
   Lair: D:8-11

Altars:
Ashenzari
Dithmenos
Elyvilon
Gozag
Hepliaklqana
Makhleb
Okawaru
Qazlal
Sif Muna
Trog
Wu Jian
Zin
The Shining One

Annotations:
D:8 Grum


Innate Abilities, Weirdness & Mutations

Your experience applies equally to all skills.
You have very sharp teeth.
Your uncanny sense of smell can sniff out nearby items.


Message History

The lightning grounds out.
Grum closely misses you. The centaur warrior hits you!
* * * LOW HITPOINT WARNING * * *
Casting: Static Discharge (safe; 5% risk of failure)
Confirm with . or Enter, or press ? or * to list all spells.
The centaur warrior is struck by an arc of lightning.
The centaur warrior is heavily wounded.
You are struck by an arc of lightning.
* * * LOW HITPOINT WARNING * * *
The lightning grounds out.
Grum is struck by an arc of lightning!
Grum is severely wounded.
The lightning grounds out.
The centaur warrior hits you!
* * * LOW HITPOINT WARNING * * *
Grum completely misses you. The centaur warrior hits you!
* * * LOW HITPOINT WARNING * * *
You feel better. Grum barely misses you.
The centaur warrior hits you but does no damage.
The centaur warrior wields a +0 shortbow.
The centaur warrior shoots an arrow.
The arrow hits you!
You die...

### #...# #.....# #.. #.#.#
#.....# #.# #.#.###.....# # #.#
#.#(..#.....# #
#.####.#.#.#.....# #
##########.#....#.#.#.....# #
#.......##.#.##...(.#.....######
##.#...#.##......#(#.#(#.........
...#...........#@#g#...#.........
####...........#.................
######............c#...#.########
..^..#...#####...###.#.#.#
...#.#...)...#.......#.#.#
.#.#...#.###.###.##....#.#
.#.#...#.###.....##.####.#
.#.....#....<######.
.#.#.....##.......#.


You could see a centaur warrior.

Vanquished Creatures
  Pikel (D:6)
  A hippogriff (D:8)
  Edmund (D:6)
  A slave (D:6)
  3 orc warriors
  4 ogres
  2 centaurs
  2 wolves (D:8)
  3 bullfrogs
  A gnoll sergeant (D:8)
  2 scorpions
  3 killer bees (D:7)
  4 howler monkeys
  3 wights (D:7)
  A crimson imp (D:7)
  An orc priest (D:7)
  Crazy Yiuf (D:6)
  A bullfrog skeleton (D:7)
  A gnoll shaman (D:7)
  5 hounds
  A jelly (D:7)
  9 orc wizards
  5 worker ants
  2 iguanas (D:7)
  A hound skeleton (D:8)
  A worker ant zombie (D:7)
  Robin (D:2)
  11 gnolls
  7 adders
  A shadow imp (D:5)
  4 oozes
  An adder zombie (D:7)
  2 worms
  A dart slug (D:5)
  2 leopard geckos
  18 orcs
  4 giant cockroaches
  6 hobgoblins
  3 jackals
  3 kobolds (D:2)
  3 quokkas
  A ball python (D:1)
  3 frilled lizards
  14 goblins
  2 leopard gecko skeletons
  3 rats
150 creatures vanquished.

Vanquished Creatures (others)
  A hound (D:6)
1 creature vanquished.

Grand Total: 151 creatures vanquished

Notes
Turn   | Place    | Note
-------+----------+-------------------------------------------
     0 | D:1      | xelsha the Gnoll Air Elementalist began the quest for the
                  | Orb.
     0 | D:1      | Reached XP level 1. HP: 13/13 MP: 6/6
    57 | D:1      | Reached XP level 2. HP: 19/19 MP: 4/7
   689 | D:1      | Learned a level 2 spell: Swiftness
   724 | D:2      | Reached XP level 3. HP: 25/25 MP: 3/9
   776 | D:2      | Reached skill level 5 in Spellcasting
  1177 | D:2      | Reached skill level 1 in Invocations
  1290 | D:2      | Learned a level 3 spell: Static Discharge
  1324 | D:2      | Reached skill level 1 in Fighting
  1324 | D:2      | Reached skill level 1 in Short Blades
  1324 | D:2      | Reached skill level 1 in Long Blades
  1324 | D:2      | Reached skill level 1 in Axes
  1324 | D:2      | Reached skill level 1 in Maces & Flails
  1324 | D:2      | Reached skill level 1 in Polearms
  1324 | D:2      | Reached skill level 1 in Staves
  1324 | D:2      | Reached skill level 1 in Slings
  1324 | D:2      | Reached skill level 1 in Bows
  1324 | D:2      | Reached skill level 1 in Crossbows
  1324 | D:2      | Reached skill level 1 in Throwing
  1324 | D:2      | Reached skill level 1 in Armour
  1324 | D:2      | Reached skill level 1 in Shields
  1324 | D:2      | Reached skill level 1 in Unarmed Combat
  1324 | D:2      | Reached skill level 1 in Evocations
  1402 | D:2      | Reached XP level 4. HP: 32/32 MP: 7/11
  1874 | D:2      | Noticed Robin
  1893 | D:2      | Killed Robin
  2216 | D:3      | Reached skill level 1 in Hexes
  2216 | D:3      | Reached skill level 1 in Charms
  2216 | D:3      | Reached skill level 1 in Summonings
  2216 | D:3      | Reached skill level 1 in Necromancy
  2216 | D:3      | Reached skill level 1 in Translocations
  2216 | D:3      | Reached skill level 1 in Transmutations
  2216 | D:3      | Reached skill level 1 in Fire Magic
  2216 | D:3      | Reached skill level 1 in Ice Magic
  2216 | D:3      | Reached skill level 1 in Earth Magic
  2216 | D:3      | Reached skill level 1 in Poison Magic
  2557 | D:4      | Learned a level 4 spell: Airstrike
  2749 | D:4      | Found a glowing golden altar of the Shining One.
  2756 | D:4      | Reached XP level 5. HP: 37/37 MP: 4/12
  3822 | D:4      | Reached XP level 6. HP: 42/44 MP: 4/13
  3945 | D:5      | Entered Level 5 of the Dungeon
  3952 | D:5      | Reached skill level 5 in Dodging
  3986 | D:5      | Found a stormy altar of Qazlal.
  4722 | D:5      | Reached XP level 7. HP: 38/50 MP: 10/15
  6148 | D:6      | Reached skill level 5 in Stealth
  6165 | D:6      | Noticed Pikel
  6193 | D:6      | Killed Pikel
  6193 | D:6      | Reached skill level 6 in Spellcasting
  6193 | D:6      | Reached XP level 8. HP: 42/58 MP: 3/17
  6279 | D:6      | Found a staircase to the Ecumenical Temple.
  6288 | Temple   | Entered the Ecumenical Temple
  6296 | Temple   | Became a worshipper of Sif Muna the Loreminder
  6360 | D:6      | Found a runed translucent door.
  6361 | D:6      | Noticed Crazy Yiuf
  6424 | D:6      | Found a white marble altar of Elyvilon.
  6434 | D:6      | Noticed Edmund
  6442 | D:6      | Killed Edmund
  7398 | D:6      | Killed Crazy Yiuf
  7724 | D:7      | Reached XP level 9. HP: 55/65 MP: 18/18
  8809 | D:7      | Reached * piety under Sif Muna
  9508 | D:8      | Got a pitted rapier
  9519 | D:8      | Identified the +7 rapier "Sorchonn" {venom, Dex+3} (You
                  | found it on level 8 of the Dungeon)
  9585 | D:8      | Reached skill level 5 in Invocations
  9888 | D:8      | Reached XP level 10. HP: 73/73 MP: 20/20
  9892 | D:8      | Reached skill level 7 in Spellcasting
  9896 | D:8      | Found a shattered altar of Ashenzari.
 10082 | D:8      | Noticed Grum
 10191 | D:8      | Noticed a centaur warrior
 10204 | D:8      | HP: 2/73 [centaur warrior (8)]
 10206 | D:8      | Shot with an arrow by a centaur warrior

Skill      XL: |  1  2  3  4  5  6  7  8  9 10 |
---------------+-------------------------------+-----
Conjurations   | 2 3 4 |  4.5
Spellcasting   | 5 6 7 |  7.0
Invocations    | 1 2 3 4 5 |  5.3
Fighting       | 1 2 3 4 |  4.8
Short Blades   | 1 2 3 4 |  4.8
Long Blades    | 1 2 3 4 |  4.8
Axes           | 1 2 3 4 |  4.8
Maces & Flails | 1 2 3 4 |  4.8
Polearms       | 1 2 3 4 |  4.8
Staves         | 1 2 3 4 |  4.8
Slings         | 1 2 3 4 |  4.8
Bows           | 1 2 3 4 |  4.8
Crossbows      | 1 2 3 4 |  4.8
Throwing       | 1 2 3 4 |  4.8
Armour         | 1 2 3 4 |  4.8
Shields        | 1 2 3 4 |  4.8
Unarmed Combat | 1 2 3 4 |  4.8
Evocations     | 1 2 3 4 |  4.8
Hexes          | 1 2 3 4 |  4.0
Charms         | 1 2 3 4 |  4.0
Summonings     | 1 2 3 4 |  4.0
Necromancy     | 1 2 3 4 |  4.0
Translocations | 1 2 3 4 |  4.0
Transmutations | 1 2 3 4 |  4.0
Fire Magic     | 1 2 3 4 |  4.0
Ice Magic      | 1 2 3 4 |  4.0
Earth Magic    | 1 2 3 4 |  4.0
Poison Magic   | 1 2 3 4 |  4.0
Dodging        | 5 6 |  6.7
Stealth        | 5 6 |  6.4
Air Magic      | 6 |  6.8

Action                   |  1- 3 |  4- 6 |  7- 9 | 10-12 || total
-------------------------+-------+-------+-------+-------++-------
Melee: Dagger            |    25 |    25 |     7 |       ||    57
       Bite              |     2 |     2 |     6 |       ||    10
       Staff             |       |       |    34 |       ||    34
       Rapier            |       |       |     7 |     3 ||    10
 Cast: Shock             |    35 |    61 |   185 |    17 ||   298
       Static Discharge  |       |    12 |    63 |    11 ||    86
       Airstrike         |       |       |     1 |       ||     1
Evoke: Wand              |       |       |     1 |       ||     1
  Use: Potion            |       |     4 |       |     1 ||     5
       Scroll            |       |       |    15 |       ||    15
 Stab: Sleeping          |     3 |     2 |     4 |       ||     9
       Paralysed         |       |       |     1 |       ||     1
  Eat: Chunk             |       |     5 |    15 |     1 ||    21
       Ration            |       |     2 |     1 |       ||     3
Armor: Robe              |     1 |       |       |       ||     1
       Ring mail         |     3 |    11 |    25 |     4 ||    43
Dodge: Dodged            |    24 |    30 |   111 |    29 ||   194
